 Dungeon Crawl Stone Soup version 0.24.0-125-gc4c63601f3 (webtiles) character file.

Game seed: 14447210016687174760, levelgen mode: deterministic

460166 Peloso the Minotaur Barricade (level 23, 0/224 HPs)
             Began as a Minotaur Fighter on Mar 1, 2020.
             Was the Champion of Okawaru.
             Slain by an azure jelly (4 damage)
             ... summoned by a glowing orange brain
             ... on level 3 of the Pits of Slime.
             The game lasted 02:41:51 (51174 turns).

Peloso the Minotaur Barricade (Minotaur Fighter)   Turns: 51174, Time: 02:41:51

Health: 0/224      AC: 25    Str: 32      XL:     23   Next: 6%
Magic:  24/24      EV: 15    Int:  5      God:    Okawaru [******]
Gold:   3013       SH: 28    Dex: 23 (24) Spells: 22/22 levels left

rFire    x . .     SeeInvis .   a - +7 Screaming Sword {slice, sonic wave}
rCold    + + +     Gourm    .   k - +2 shield of Untold Secrets {*Drain rPois rC+ Str+3}
rNeg     + . .     Faith    .   i - +5 plate armour of Daisies {rPois rCorr}
rPois    +         Spirit   .   (helmet restricted)
rElec    +         Reflect  +   I - scarf {cloud immunity}
rCorr    +         Harm     .   v - +2 pair of gloves {Dex+3}
MR       +....                  U - +0 pair of boots of the Great Game {rC+ Dex+3}
Stlth    ..........             w - amulet of the Thirsty Emperors {Reflect *Drain rPois rC+ SH+5}
HPRegen  0.47/turn              C - ring "Xeesiv" {rElec rPois rF- rC+ rN+}
MPRegen  0.19/turn              J - +6 ring of dexterity

@: afraid, corroded
A: retaliatory headbutt, horns 2, deterioration 1
}: 3/15 runes: serpentine, barnacled, silver
a: Heroism, Finesse, Renounce Religion


You were on level 3 of the Pits of Slime.
You worshipped Okawaru.
Okawaru was exalted by your worship.
You were hungry.

You visited 8 branches of the dungeon, and saw 40 of its levels.
You visited the Abyss 1 time.
You visited 1 bazaar.
You also visited: Ice Cave and Volcano.

You collected 5764 gold pieces.
You spent 2751 gold pieces at shops.

Inventory:

Hand Weapons
 a - the +7 Screaming Sword (weapon) {slice, sonic wave}
   (You subdued it on level 2 of the Orcish Mines)

   It inflicts extra damage upon your enemies.
 b - the +8 demon blade "Leech" {vamp, rN+ AC-3 EV-3}
   (You found it on level 5 of the Dungeon)

   It inflicts no extra harm, but heals its wielder when it wounds a living foe.
   It affects your AC (-3).
   It affects your evasion (-3).
   It protects you from negative energy.
 M - the +8 falchion of Odwabufig {flame, rPois rC+ Stlth+}
   (You found it on level 8 of the Dungeon)

   It has been specially enchanted to burn those struck by it, causing extra
   injury to most foes and up to half again as much damage against particularly
   susceptible opponents.
   Big, fiery blades are also staple armaments of hydra-hunters.
   It protects you from cold.
   It protects you from poison.
   It makes you more stealthy.
Armour
 i - the +5 plate armour of Daisies (worn) {rPois rCorr}
   (You bought it in a shop on level 1 of the Vaults)

   It protects you from poison.
   It provides partial protection from all sources of acid and corrosion.
 k - the +2 shield of Untold Secrets (worn) {*Drain rPois rC+ Str+3}
   (Okawaru gifted it to you on level 4 of the Vaults)

   It affects your strength (+3).
   It protects you from cold.
   It protects you from poison.
   It causes draining when unequipped.
 v - a +2 pair of gloves of dexterity (worn)
 F - a +2 plate armour of magic resistance
 I - a scarf of cloud immunity (worn)
 U - the +0 pair of boots of the Great Game (worn) {rC+ Dex+3}
   (Okawaru gifted it to you on level 4 of the Snake Pit)

   It affects your dexterity (+3).
   It protects you from cold.
Jewellery
 j - an uncursed ring of protection from magic
 o - an uncursed ring of see invisible
 w - the amulet of the Thirsty Emperors (around neck) {Reflect *Drain rPois rC+ SH+5}
   (You found it in an ice cave)

   [amulet of reflection]

   It shields you and reflects attacks.
   It protects you from cold.
   It protects you from poison.
   It causes draining when unequipped.
   It affects your SH (+5).
 C - the ring "Xeesiv" (left hand) {rElec rPois rF- rC+ rN+}
   (You bought it in a shop in a bazaar)

   [ring of protection from cold]

   It makes you vulnerable to fire.
   It protects you from cold.
   It insulates you from electricity.
   It protects you from poison.
   It protects you from negative energy.
 J - a +6 ring of dexterity (right hand)
 R - the ring "Wyatic" {rPois rN+ Int-2 Stlth+}
   (You found it on level 5 of the Vaults)

   [ring of intelligence]

   It affects your intelligence (-2).
   It protects you from poison.
   It protects you from negative energy.
   It makes you more stealthy.
Wands
 Q - a wand of digging (1)
Scrolls
 c - 2 scrolls of magic mapping
 e - 22 scrolls of teleportation
 h - a scroll of blinking
 m - 8 scrolls of fear
 n - a scroll of remove curse
 q - a scroll of summoning
 y - 10 scrolls of identify
Potions
 d - 9 potions of might
 g - 4 potions of flight
 p - 8 potions of curing
 z - 3 potions of resistance
 A - 8 potions of haste
 B - 5 potions of heal wounds
 P - a potion of berserk rage
 V - 5 potions of agility
 X - a potion of mutation
Comestibles
 f - 45 rations


   Skills:
 + Level 22.3 Fighting
 + Level 22.5 Long Blades
 + Level 19.4 Armour
 + Level 7.3 Dodging
 + Level 3.3 Stealth
 O Level 27 Shields
 + Level 3.0 Invocations
 + Level 1.2 Evocations


You had 22 spell levels left.
You didn't know any spells.
Your spell library contained the following spells:

 Spells                   Type           Power        Failure   Level  Hunger
 Beastly Appendage        Tmut           #.....       90%         1    ##.....
 Corona                   Hex            #......      90%         1    ##.....
 Flame Tongue             Conj/Fire      #....        90%         1    ##.....
 Infusion                 Chrm           #...         90%         1    ##.....
 Magic Dart               Conj           #...         90%         1    ##.....
 Sandblast                Erth           #.....       90%         1    ##.....
 Sting                    Conj/Pois      #...         90%         1    ##.....
 Blink                    Tloc           N/A          97%         2    ###....
 Call Imp                 Summ           #.......     97%         2    ###....
 Ensorcelled Hibernation  Hex/Ice        #.....       97%         2    ###....
 Passwall                 Tmut/Erth      #.......     97%         2    ###....
 Poisonous Vapours        Pois/Air       #.....       97%         2    ###....
 Searing Ray              Conj           #.....       97%         2    ###....
 Shroud of Golubria       Chrm/Tloc      #.....       97%         2    ###....
 Slow                     Hex            #.......     97%         2    ###....
 Song of Slaying          Chrm           #.......     97%         2    ###....
 Sticks to Snakes         Tmut           #.......     97%         2    ###....
 Swiftness                Chrm/Air       #.......     97%         2    ###....
 Throw Flame              Conj/Fire      #.....       97%         2    ###....
 Confuse                  Hex            #.......     99%         3    ####...
 Conjure Flame            Conj/Fire      #.......     99%         3    ####...
 Dazzling Spray           Conj/Hex       #.....       99%         3    ####...
 Ignite Poison            Fire/Tmut/Pois #.......     99%         3    ####...
 Inner Flame              Hex/Fire       #.......     99%         3    ####...
 Mephitic Cloud           Conj/Pois/Air  #.......     99%         3    ####...
 Regeneration             Chrm/Necr      #.........   99%         3    ####...
 Spectral Weapon          Hex/Chrm       #.......     99%         3    ####...
 Spider Form              Tmut/Pois      #.........   99%         3    ####...
 Tukima's Dance           Hex            #.......     99%         3    ####...
 Force Lance              Conj/Tloc      #.......     100%        4    #####..
 Fulminant Prism          Conj/Hex       #.........   100%        4    #####..
 Ice Form                 Ice/Tmut       #.......     100%        4    #####..
 Iskenderun's Mystic Bla  Conj           #.......     100%        4    #####..
 Leda's Liquefaction      Hex/Erth       #.........   100%        4    #####..
 Olgreb's Toxic Radiance  Pois           #.......     100%        4    #####..
 Petrify                  Tmut/Erth      #.......     100%        4    #####..
 Sticky Flame             Conj/Fire      #.......     100%        4    #####..
 Blade Hands              Tmut           #.........   100%        5    ######.
 Bolt of Magma            Conj/Fire/Erth #.........   100%        5    ######.
 Fireball                 Conj/Fire      #.........   100%        5    ######.
 Lightning Bolt           Conj/Air       #.........   100%        5    ######.
 Venom Bolt               Conj/Pois      #.........   100%        5    ######.
 Hydra Form               Tmut           #.........   100%        6    #######
 Iron Shot                Conj/Erth      #.........   100%        6    #######
 Statue Form              Tmut/Erth      #........    100%        6    #######
 Haunt                    Necr/Summ      #.........   100%        7    #######
 Borgnjor's Revivificati  Necr           #.........   100%        8    #######
 Death's Door             Chrm/Necr      #.........   100%        8    #######
 Infestation              Necr           #.........   100%        8    #######
 Necromutation            Tmut/Necr      #.........   100%        8    #######
 Shatter                  Erth           #.........   100%        9    #######


Dungeon Overview and Level Annotations

Branches:
Dungeon (15/15)            Temple (1/1) D:5            Lair (6/6) D:8
 Shoals (4/4) Lair:3        Snake (4/4) Lair:2        Slime (3/5) Lair:6
    Orc (2/2) D:12            Elf (0/3) Orc:2        Vaults (5/5) D:13
  Crypt (0/3) Vaults:3     Depths (0/5) D:15          IceCv (visited)
Volcano (visited)

Altars:
Ashenzari
Cheibriados
Dithmenos
Elyvilon
Fedhas
Gozag
Hepliaklqana
Kikubaaqudgha
Makhleb
Nemelex Xobeh
Okawaru
Qazlal
Ru
Sif Muna
Trog
Uskayaw
Vehumet
Wu Jian
Xom
Yredelemnul
Zin
The Shining One
Beogh
Jiyva

Shops:
D:7 [   Orc:2 ?((}   Shoals:3 *   Snake:4 *   Vaults:1 *   Vaults:3 [
Vaults:5 ::

Portals:
Trove: D:11 (give +2 gold dragon scales)


Innate Abilities, Weirdness & Mutations

You reflexively headbutt those who attack you in melee.
You have a pair of horns on your head.
Your body sometimes deteriorates upon taking damage.


Message History

Unknown command.
You feel better. The acid blob spits acid at you. The splash of acid hits you.
You resist. The acid corrodes you!
You are splashed with acid!
You resist. You block the azure jelly's attack. x3
The azure jelly hits you. You block the slime creature's attack.
The enormous slime creature hits you!!!
* * * LOW HITPOINT WARNING * * *
A slime creature comes into view.
You block the enormous slime creature's attack.
The azure jelly hits you.
* * * LOW HITPOINT WARNING * * *
The azure jelly freezes you. You resist.
* * * LOW HITPOINT WARNING * * *
The azure jelly hits you.
* * * LOW HITPOINT WARNING * * *
The azure jelly freezes you. You resist.
* * * LOW HITPOINT WARNING * * *
The azure jelly hits you.
You die...

..... ####.#...
.....##........
...J........J.J
#........#......
.......J........
.......GJJ..J...
.....GJJJJ......
.....GJ@JJG.....
......J.J.......
.>..............
........<.......
................
...........#....
................
................
................


You could see 2 acid blobs, 3 azure jellies, a great orb of eyes, a titanic
slime creature, 2 enormous slime creatures, 8 slime creatures, a shining eye, a
glowing orange brain and an eye of draining.

Vanquished Creatures
  2 ancient liches
  Sojobo (Vaults:1)
  Vashnia (Snake:3)
  Saint Roka (Snake:4)
  3 golden dragons (Vaults:4)
  Nikola (Snake:3)
  A bone dragon (Vaults:3)
  5 tentacled monstrosities
  A lich (Vaults:5)
  Asterion (Vaults:3)
  A deep elf blademaster (Abyss:3)
  3 titans
  4 acid blobs
  2 tentacled starspawn (Abyss:3)
  3 sphinxes
  2 storm dragons (Vaults:5)
  The ghost of Winsalot the Cruncher, an adept NaFE of Kikubaaqudgha (Snake:2)
  4 shadow dragons
  Kirke (Shoals:1)
  5 tengu reavers
  7 nagarajas
  2 azure jellies
  9 vault wardens
  3 fire giants
  An iron dragon (Vaults:5)
  3 frost giants
  4 deep elf sorcerers
  2 orc warlords
  22 ironheart preservers
  Aizul (Snake:3)
  2 war gargoyles
  A very ugly thing (Vaults:3)
  A ghoul (Vaults:4)
  8 stone giants
  2 entropy weavers
  A deep elf demonologist (Vaults:4)
  5 large abominations
  A dire elephant (shapeshifter) (D:14)
  5 dire elephants (Lair:6)
  2 deep elf annihilators (Vaults:4)
  2 merfolk javelineers (Shoals:4)
  5 deep elf death magi
  3 crystal guardians
  6 merfolk impalers
  A death ooze (Slime:1)
  4 ettins
  4 fire dragons
  14 yaktaur captains
  2 deep elf high priests (Vaults:5)
  6 great orbs of eyes
  27 naga warriors
  5 hydras
  3 rakshasas
  4 ice dragons
  Erolcha (Orc:2)
  Harold (Lair:1)
  30 vault guards
  A shambling mangrove (Abyss:3)
  The ghost of Sableheart the Destroyer, a journeyman DrFE of Sif Muna (D:10)
  12 anacondas
  A merfolk avatar (Shoals:3)
  8 merfolk aquamancers
  8 centaur warriors
  6 dancing weapons
  An alligator snapping turtle (Shoals:1)
  12 ogre magi
  3 death knights
  39 two-headed ogres
  A deep troll shaman (Vaults:2)
  10 death yaks
  11 shock serpents
  3 deep troll earth magi
  4 tengu warriors
  Urug (Orc:2)
  15 naga sharpshooters
  Nergalle (Orc:2)
  6 deep elf knights
  2 salamander mystics
  A shadow wraith (Vaults:1)
  16 sea snakes
  5 small abominations
  A wretched star (Abyss:3)
  3 skeletal warriors
  4 unseen horrors
  16 deep trolls
  3 wizards
  A spectral anaconda (Snake:2)
  19 ironbrand convokers
  7 naga ritualists
  11 deep elf archers
  A flayed ghost (Vaults:4)
  A kraken simulacrum (Shoals:4)
  2 lindwurms (Lair:6)
  A wolf spider zombie (D:14)
  5 phantasmal warriors
  4 glowing orange brains
  7 harpies
  7 mana vipers
  A harpy (shapeshifter) (Vaults:4)
  13 orc knights
  15 cyclopes
  11 orc sorcerers
  2 shining eyes
  9 manticores
  10 salamanders
  22 deep elf magi
  A wolf spider (Vaults:2)
  A moth of wrath (shapeshifter) (Vaults:3)
  35 ugly things
  3 worldbinders (Abyss:3)
  A manticore (shapeshifter) (Vaults:4)
  A spectral shock serpent (Snake:2)
  4 fauns (Shoals:2)
  8 elephants (Lair:6)
  29 black mambas
  6 water nymphs
  9 merfolk sirens
  2 ice statues (IceCv)
  An elephant (shapeshifter) (Vaults:4)
  8 vault sentinels
  An eye of devastation (Slime:2)
  30 naga magi
  7 guardian serpents
  4 gargoyles
  9 spiny frogs
  4 rime drakes
  2 kobold demonologists
  5 freezing wraiths
  8 komodo dragons
  A redback zombie (D:15)
  28 yaktaurs
  4 red devils (D:14)
  A troll (shapeshifter) (Vaults:5)
  An ancient zyme (Abyss:3)
  2 wind drakes (shapeshifter)
  A hornet (Vaults:2)
  A jumping spider (Vaults:2)
  14 trolls
  21 merfolk
  3 wind drakes
  12 blink frogs
  2 raiju (Abyss:3)
  A meliai zombie (D:14)
  A raiju (shapeshifter) (Vaults:2)
  41 slime creatures
  A snapping turtle (shapeshifter) (Vaults:3)
  15 dream sheep
  18 hippogriffs
  13 snapping turtles
  3 vampires
  A centaur simulacrum (D:15)
  A spectral black mamba (Snake:2)
  2 shadows
  3 redbacks (Vaults:2)
  17 water elementals
  2 naga simulacra (Snake:2)
  3 wraiths
  A golden eye (Abyss:3)
  3 hogs (Shoals:1)
  2 wyverns
  38 yaks
  Grum (D:10)
  A fire bat (Volcano)
  3 hungry ghosts
  10 vampire mosquitoes
  8 basilisks
  Menkaure (D:5)
  11 wargs
  An acid dragon (D:15)
  A soldier ant (D:13)
  53 nagas
  3 hell hounds (Volcano)
  9 porcupines
  14 water moccasins
  A porcupine (shapeshifter) (Vaults:5)
  3 spectral nagas (Snake:2)
  42 orc warriors
  A black bear (D:8)
  An eye of draining (shapeshifter) (Vaults:2)
  7 eyes of draining
  4 necrophages
  3 phantoms
  4 sky beasts
  2 black mamba simulacra (Snake:2)
  27 ice beasts
  16 wolves
  24 centaurs
  45 ogres
  15 crocodiles
  7 big kobolds
  A big kobold (shapeshifter) (Vaults:1)
  22 bullfrogs
  2 wyvern zombies
  4 gnoll sergeants
  A water moccasin zombie (D:5)
  A hornet simulacrum (D:15)
  A water moccasin skeleton (D:5)
  A wyvern skeleton (D:11)
  4 scorpions
  11 killer bees (D:12)
  2 howler monkeys
  8 electric eels
  A bullfrog zombie (D:12)
  9 crimson imps
  A quasit (D:11)
  A wyvern simulacrum (D:11)
  2 centaur zombies
  21 orc priests
  6 hounds
  5 jellies
  54 orc wizards
  A bullfrog skeleton (D:3)
  9 centaur skeletons
  Crazy Yiuf (D:3)
  Jessica (D:2)
  5 iguanas
  6 worker ants
  2 hell rats (Lair:5)
  A killer bee zombie (D:8)
  2 bullfrog simulacra (D:11)
  2 hound skeletons
  A howler monkey zombie (D:9)
  4 worker ant zombies
  12 gnolls
  13 adders
  12 river rats (Lair:5)
  3 shadow imps
  7 white imps (D:11)
  4 worker ant simulacra (D:11)
  2 ufetubi (Abyss:3)
  An ooze (D:3)
  2 adder skeletons
  A worm (D:3)
  A dart slug (D:4)
  8 leopard geckos
  68 orcs
  5 giant cockroaches
  6 goblins
  8 hobgoblins
  16 jackals
  A quokka (D:9)
  A ball python (D:2)
  A bat (D:3)
  10 frilled lizards
  A giant cockroach zombie (D:6)
  A jackal zombie (D:5)
  8 kobolds
  11 rats
  6 crawling corpses
  15 fungi
  34 plants
  5 starspawn tentacles (Abyss:3)
  A tentacle (Shoals:4)
1798 creatures vanquished.

Vanquished Creatures (others)
  A fire giant (Vaults:5)
  4 yaktaur captains
  2 merfolk aquamancers
  A satyr (Abyss:3)
  2 naga sharpshooters
  Sonja (D:12)
  A deep elf archer (Vaults:2)
  2 cyclopes
  A moth of wrath (D:10)
  A salamander (Snake:3)
  A centaur skeleton (D:15)
  6 yaktaurs
  An orc warrior (Orc:2)
  2 centaurs (D:13)
  A crocodile (D:10)
  3 orc wizards
  An orc (Orc:1)
  A kobold (D:12)
  7 fungi (Lair:6)
  26 plants
  3 starspawn tentacles (Abyss:3)
  5 tentacles (Shoals:4)
73 creatures vanquished.

Grand Total: 1871 creatures vanquished

Notes
Turn   | Place    | Note
-------+----------+-------------------------------------------
     0 | D:1      | Peloso the Minotaur Fighter began the quest for the Orb.
     0 | D:1      | Reached XP level 1. HP: 19/19 MP: 0/0
   191 | D:1      | Reached XP level 2. HP: 27/27 MP: 1/1
   271 | D:1      | Reached skill level 4 in Shields
   287 | D:1      | You fall into a shaft and drop 1 floor!
   288 | D:2      | Noticed Jessica
   294 | D:2      | Killed Jessica
   294 | D:2      | Reached XP level 3. HP: 18/33 MP: 2/2
   993 | D:1      | Reached XP level 4. HP: 36/40 MP: 3/3
  1308 | D:3      | Found a runed translucent door.
  1309 | D:3      | Noticed Crazy Yiuf
  1623 | D:3      | Found a sparkling altar of Nemelex Xobeh.
  1687 | D:3      | Reached XP level 5. HP: 38/47 MP: 4/4
  2013 | D:3      | Killed Crazy Yiuf
  2116 | D:4      | Reached skill level 5 in Armour
  2142 | D:4      | Reached skill level 5 in Shields
  2520 | D:4      | Got a transparent marble ring
  2523 | D:4      | Noticed a phantom
  2550 | D:4      | Identified the ring "Qotucs" {*Tele rPois MP+9 Int-4
                  | Stlth+} (You found it on level 4 of the Dungeon)
  2562 | D:4      | Killed a phantom
  2562 | D:4      | Reached XP level 6. HP: 22/53 MP: 5/5
  2735 | D:4      | Found a shimmering altar of Xom.
  2735 | D:4      | Found an ornate altar of the Wu Jian Council.
  2880 | D:4      | Reached skill level 5 in Long Blades
  2880 | D:4      | Reached skill level 1 in Dodging
  3162 | D:5      | Entered Level 5 of the Dungeon
  3247 | D:5      | Reached XP level 7. HP: 50/60 MP: 6/6
  3269 | D:5      | Reached skill level 5 in Fighting
  3293 | D:5      | Found a staircase to the Ecumenical Temple.
  3402 | Temple   | Entered the Ecumenical Temple
  3418 | Temple   | Became a worshipper of Warmaster Okawaru
  3525 | D:5      | Found an ancient bone altar of Kikubaaqudgha.
  3527 | D:5      | Noticed Menkaure
  3530 | D:5      | Found a basalt altar of Yredelemnul.
  3533 | D:5      | Found the +8 demon blade "Leech" {vamp, rN+ AC-3 EV-3}
  3547 | D:5      | Found a transporter.
  3549 | D:5      | Found a transporter.
  3926 | D:5      | Reached skill level 6 in Shields
  4257 | D:6      | Reached * piety under Okawaru
  4257 | D:6      | Reached XP level 8. HP: 54/69 MP: 7/7
  4619 | D:6      | Noticed a troll
  4629 | D:6      | HP: 3/69 [troll (2)]
  4633 | D:6      | Killed a troll
  5046 | D:6      | Reached skill level 7 in Shields
  5522 | D:5      | Killed Menkaure
  5522 | D:5      | Reached ** piety under Okawaru
  5823 | D:7      | Found a bloodstained altar of Trog.
  6058 | D:7      | Reached XP level 9. HP: 72/74 MP: 6/8
  6218 | D:7      | Found Hiothrirch's Armour Shop.
  6859 | D:8      | Reached skill level 10 in Long Blades
  6937 | D:8      | Reached skill level 8 in Shields
  7009 | D:8      | Reached *** piety under Okawaru
  7243 | D:8      | Got a smoking falchion
  7244 | D:8      | Identified the +8 falchion of Odwabufig {flame, rPois rC+
                  | Stlth+} (You found it on level 8 of the Dungeon)
  7272 | D:8      | Noticed a two-headed ogre
  7280 | D:8      | Killed a two-headed ogre
  7280 | D:8      | Reached **** piety under Okawaru
  7280 | D:8      | Reached XP level 10. HP: 48/85 MP: 4/9
  7440 | D:8      | Noticed a white ugly thing
  7454 | D:8      | Killed a white ugly thing
  7464 | D:8      | Got a fine mace
  7465 | D:8      | Identified the +7 mace of Beogh's Generosity {venom, rElec
                  | rPois rN++ Dex+3} (You found it on level 8 of the Dungeon)
  7497 | D:8      | Found a burning altar of Makhleb.
  7509 | D:8      | Found a radiant altar of Vehumet.
  7575 | D:8      | Found a staircase to the Lair.
  7597 | D:8      | Reached skill level 9 in Shields
  7741 | D:8      | Noticed a two-headed ogre
  7742 | D:8      | Noticed a cyclops
  7749 | D:8      | Killed a two-headed ogre
  7759 | D:8      | Killed a cyclops
  8548 | D:10     | Entered Level 10 of the Dungeon
  8589 | D:10     | Noticed a cyclops
  8595 | D:10     | Killed a cyclops
  8595 | D:10     | Reached ***** piety under Okawaru
  8595 | D:10     | Reached skill level 10 in Shields
  8800 | D:10     | Noticed Grum
  8811 | D:10     | Killed Grum
  8817 | D:10     | Reached XP level 11. HP: 64/96 MP: 5/10
  9014 | D:10     | Found an opulent altar of Gozag.
  9268 | D:10     | Noticed Sableheart's ghost (journeyman DrFE)
  9277 | D:10     | Found a transporter.
  9350 | D:10     | Reached skill level 10 in Armour
  9495 | D:10     | Found a transporter.
  9563 | D:11     | Noticed an eight-headed hydra
  9689 | D:11     | Received a gift from Okawaru
  9694 | D:11     | Found a portal to a secret trove of treasure.
 10027 | D:11     | Found a frozen archway.
 10039 | IceCv    | Entered an ice cave
 10293 | IceCv    | Reached skill level 11 in Shields
 10348 | IceCv    | Reached ****** piety under Okawaru
 10348 | IceCv    | Reached skill level 10 in Fighting
 10465 | IceCv    | Received a gift from Okawaru
 10495 | IceCv    | Noticed an ice dragon
 10512 | IceCv    | Killed an ice dragon
 10512 | IceCv    | Reached XP level 12. HP: 56/106 MP: 4/11
 10534 | IceCv    | Noticed an ice dragon
 10548 | IceCv    | Killed an ice dragon
 10558 | IceCv    | Got a bound zirconium amulet
 10560 | IceCv    | Identified the amulet of the Thirsty Emperors {Reflect
                  | *Drain rPois rC+ SH+5} (You found it in an ice cave)
 11202 | D:11     | Reached skill level 12 in Shields
 11425 | D:11     | Killed a four-headed hydra
 11796 | Lair:1   | Entered Level 1 of the Lair of Beasts
 11953 | Lair:1   | Noticed Harold
 11963 | Lair:1   | Killed Harold
 11963 | Lair:1   | Received a gift from Okawaru
 12043 | Lair:1   | Reached skill level 13 in Shields
 12270 | Lair:1   | You fall into a shaft and drop 1 floor!
 12363 | Lair:2   | Found a staircase to the Snake Pit.
 12602 | Lair:2   | Reached XP level 13. HP: 102/116 MP: 12/12
 13211 | Lair:1   | Reached skill level 1 in Stealth
 13560 | Lair:1   | You fall into a shaft and drop 1 floor!
 13711 | Lair:3   | Found a staircase to the Shoals.
 13967 | Lair:3   | Reached skill level 14 in Shields
 14044 | Lair:3   | Reached skill level 15 in Long Blades
 14568 | D:10     | Killed Sableheart's ghost
 14570 | D:10     | Received a gift from Okawaru
 14814 | D:12     | Found a staircase to the Orcish Mines.
 15102 | D:12     | Noticed Sonja
 15124 | D:12     | Killed Sonja
 15124 | D:12     | Reached skill level 15 in Shields
 16156 | D:13     | Found a gate to the Vaults.
 16380 | D:13     | Received a gift from Okawaru
 17168 | D:13     | Reached XP level 14. HP: 127/127 MP: 13/13
 17313 | D:13     | Found a burning altar of Makhleb.
 17439 | D:14     | Reached skill level 16 in Shields
 17782 | D:14     | Received a gift from Okawaru
 17999 | D:14     | Noticed a storm dragon
 18006 | D:15     | Entered Level 15 of the Dungeon
 18179 | D:15     | Received a gift from Okawaru
 18310 | D:15     | Found a staircase to the Depths.
 18433 | D:15     | Reached skill level 17 in Shields
 18898 | D:15     | Found a flickering gateway to a bazaar.
 18905 | Bazaar   | Entered a bazaar
 18905 | Bazaar   | Found Xayll's Distillery.
 18905 | Bazaar   | Found Ickony's Assorted Antiques.
 18905 | Bazaar   | Found Qigg's Food Shop.
 18907 | Bazaar   | Found Ucemynic's General Store.
 18907 | Bazaar   | Found Xonuli Facw's Weapon Shoppe.
 18909 | Bazaar   | Bought a potion of heal wounds for 50 gold pieces
 18921 | Bazaar   | Bought a pitted jade ring for 180 gold pieces
 18940 | Bazaar   | Identified the ring "Xeesiv" {rElec rPois rF- rC+ rN+} (You
                  | bought it in a shop in a bazaar)
 18966 | Bazaar   | Bought a curved bronze wand for 144 gold pieces
 18977 | Bazaar   | Bought a scroll of enchant armour for 75 gold pieces
 19139 | D:15     | Got a dazzling chain mail
 19150 | D:15     | Identified the cursed +0 chain mail "Muthricust" {+Inv
                  | Int+4 Dex+4} (You found it on level 15 of the Dungeon)
 19188 | D:15     | Got a bone broad axe
 19190 | D:15     | Identified the +7 broad axe of Tenacity {freeze, rPois}
                  | (You found it on level 15 of the Dungeon)
 19553 | D:14     | a storm dragon changed into a dire elephant
 19909 | D:14     | Reached XP level 15. HP: 137/137 MP: 14/14
 20064 | Orc:1    | Entered Level 1 of the Orcish Mines
 20064 | Orc:1    | Noticed an orc warlord
 20077 | D:12     | Killed an orc warlord
 20077 | D:12     | Received a gift from Okawaru
 20168 | Orc:1    | Reached skill level 5 in Dodging
 20374 | Orc:2    | Entered Level 2 of the Orcish Mines
 21326 | Orc:2    | Found a staircase to the Elven Halls.
 21329 | Orc:2    | Noticed Urug
 21352 | Orc:2    | Killed Urug
 21367 | Orc:2    | Reached skill level 18 in Shields
 21507 | Orc:2    | Found Maurgheje's Antique Weapon Shoppe.
 21517 | Orc:2    | Found Nuehas Zubb's Gadget Emporium.
 21580 | Orc:2    | Bought a wand of digging (5) for 216 gold pieces
 21593 | Orc:2    | Found a radiant altar of Vehumet.
 21597 | Orc:2    | Noticed Erolcha
 21605 | Orc:2    | Killed Erolcha
 21642 | Orc:2    | Noticed Nergalle
 21647 | Orc:2    | Found an ancient bone altar of Kikubaaqudgha.
 21655 | Orc:2    | Killed Nergalle
 21693 | Orc:2    | Found a roughly hewn altar of Beogh.
 21693 | Orc:2    | Found Riymoch's Antique Weapon Shoppe.
 21710 | Orc:2    | Found Weocanei's Magic Scroll Emporium.
 21732 | Orc:2    | Bought a scroll of brand weapon for 200 gold pieces
 21732 | Orc:2    | Bought a scroll of brand weapon for 200 gold pieces
 21732 | Orc:2    | Bought 3 scrolls of teleportation for 90 gold pieces
 22170 | Orc:2    | Reached skill level 1 in Invocations
 22676 | Lair:4   | Found a dark tunnel.
 22687 | Volcano  | Entered a volcano
 23831 | Lair:5   | Received a gift from Okawaru
 24371 | Lair:6   | Entered Level 6 of the Lair of Beasts
 24928 | Lair:6   | Reached skill level 15 in Armour
 25221 | Lair:6   | Reached XP level 16. HP: 121/147 MP: 16/16
 25418 | Lair:6   | Found a viscous altar of Jiyva.
 25418 | Lair:6   | Found a staircase to the Slime Pits.
 25961 | Lair:6   | Reached skill level 19 in Shields
 26525 | Snake:1  | Entered Level 1 of the Snake Pit
 26537 | Snake:1  | Received a gift from Okawaru
 26547 | Snake:1  | Reached skill level 15 in Fighting
 26560 | Snake:1  | Got a smoking cloak {god gift}
 26603 | Snake:1  | Identified the -1 cloak "Leni Budd" {Stlth+} (Okawaru
                  | gifted it to you on level 1 of the Snake Pit)
 27336 | Snake:2  | Found a runed translucent gate.
 27336 | Snake:2  | Found a runed translucent gate.
 27336 | Snake:2  | Found a runed translucent gate.
 27339 | Snake:2  | Noticed Winsalot's ghost (adept NaFE)
 27784 | Snake:2  | Received a gift from Okawaru
 27798 | Snake:2  | Reached skill level 20 in Shields
 28621 | Snake:2  | Killed Winsalot's ghost
 28729 | Shoals:1 | Entered Level 1 of the Shoals
 28766 | Shoals:1 | Noticed Kirke
 28770 | Shoals:1 | Reached XP level 17. HP: 157/158 MP: 17/17
 28813 | Shoals:1 | Killed Kirke
 29052 | Shoals:1 | Received a gift from Okawaru
 29055 | Shoals:1 | Got a bloodstained plate armour {god gift}
 29066 | Shoals:1 | Identified the +8 plate armour of the Devil {rPois rC++
                  | Slay-5} (Okawaru gifted it to you on level 1 of the Shoals)
 30259 | Shoals:3 | Found Hiriyzod's General Store.
 30268 | Shoals:3 | Bought a scroll of teleportation for 54 gold pieces
 30371 | Shoals:4 | Entered Level 4 of the Shoals
 30630 | Shoals:4 | Reached skill level 21 in Shields
 31103 | Shoals:4 | Received a gift from Okawaru
 31108 | Shoals:4 | Got an encrusted long sword {god gift}
 31109 | Shoals:4 | Identified the +6 long sword of Uncomfortable Rashes {vamp,
                  | rElec rF+ Stlth+} (Okawaru gifted it to you on level 4 of
                  | the Shoals)
 31394 | Shoals:4 | Got a barnacled rune of Zot
 31415 | Shoals:4 | Identified the +0 robe of the Ecumenical Temple {-Tele MR++
                  | Slay+5}
 32329 | Shoals:3 | Received a gift from Okawaru
 32836 | Snake:3  | Noticed Vashnia
 32839 | Snake:3  | Noticed Aizul
 32846 | Snake:3  | Reached XP level 18. HP: 127/169 MP: 18/18
 33141 | Snake:3  | Killed Vashnia
 33145 | Snake:3  | Killed Aizul
 33535 | Snake:3  | Reached skill level 22 in Shields
 33900 | Snake:3  | Noticed Nikola
 33901 | Snake:3  | Found a snail-covered altar of Cheibriados.
 33919 | Snake:3  | Killed Nikola
 34629 | Snake:4  | Entered Level 4 of the Snake Pit
 34917 | Snake:4  | Found Aloipor's General Store.
 34935 | Snake:4  | Bought a potion of heal wounds for 100 gold pieces
 35040 | Snake:4  | Found a hazy altar of Hepliaklqana.
 35047 | Snake:4  | Received a gift from Okawaru
 35050 | Snake:4  | Got a pair of encrusted boots {god gift}
 35061 | Snake:4  | Identified the +0 pair of boots of the Great Game {rC+
                  | Dex+3} (Okawaru gifted it to you on level 4 of the Snake
                  | Pit)
 35521 | Snake:4  | Noticed Saint Roka
 37523 | Snake:4  | Killed Saint Roka
 37525 | Snake:4  | Reached skill level 23 in Shields
 37597 | Snake:4  | Reached XP level 19. HP: 143/179 MP: 19/19
 37668 | Snake:4  | Got a serpentine rune of Zot
 38251 | Vaults:1 | Entered Level 1 of the Vaults
 38263 | Vaults:1 | Received a gift from Okawaru
 39581 | Vaults:1 | Received a gift from Okawaru
 39711 | Vaults:1 | Found Jatroow's Assorted Antiques.
 40025 | Vaults:1 | Bought a spiked plate armour for 1036 gold pieces
 40037 | Vaults:1 | Identified the +5 plate armour of Daisies {rPois rCorr}
                  | (You bought it in a shop on level 1 of the Vaults)
 40044 | Vaults:1 | Bought a pair of runed boots for 277 gold pieces
 40044 | Vaults:1 | Bought a scroll of fear for 129 gold pieces
 40191 | Vaults:2 | Noticed Sojobo
 40394 | Vaults:1 | Killed Sojobo
 40530 | Vaults:2 | Reached skill level 24 in Shields
 40885 | Vaults:2 | Reached XP level 20. HP: 180/191 MP: 21/21
 41124 | Vaults:2 | Received a gift from Okawaru
 42231 | Vaults:3 | Gained mutation: Your body sometimes deteriorates upon
                  | taking damage. [a neqoxec]
 42254 | Vaults:3 | You fall into a shaft and drop 1 floor!
 42291 | Vaults:4 | Reached skill level 1 in Evocations
 42315 | Vaults:4 | Received a gift from Okawaru
 42335 | Vaults:4 | Got a smoking shield {god gift}
 42350 | Vaults:4 | Identified the +2 shield of Untold Secrets {*Drain rPois
                  | rC+ Str+3} (Okawaru gifted it to you on level 4 of the
                  | Vaults)
 42517 | Vaults:4 | Got an iridescent rapier
 42529 | Vaults:4 | Identified the +3 rapier "Jilis" {flame, +Inv rF++ rC++}
                  | (You found it on level 4 of the Vaults)
 43001 | Vaults:4 | Reached skill level 25 in Shields
 43684 | Vaults:3 | Noticed Asterion
 43695 | Vaults:3 | Killed Asterion
 43942 | Vaults:3 | Found Tifoleb's Antique Armour Shoppe.
 43973 | Vaults:3 | Received a gift from Okawaru
 43991 | Vaults:3 | Noticed a bone dragon
 44003 | Vaults:3 | Killed a bone dragon
 44003 | Vaults:3 | Reached XP level 21. HP: 108/200 MP: 22/22
 44398 | Vaults:3 | Found a staircase to the Crypt.
 45139 | Vaults:5 | Entered Level 5 of the Vaults
 45159 | Vaults:5 | Received a gift from Okawaru
 45162 | Vaults:5 | Noticed an ancient lich
 45165 | Vaults:5 | Reached skill level 26 in Shields
 45201 | Vaults:5 | Noticed a golden dragon
 45208 | Vaults:5 | Noticed a golden dragon
 45739 | Vaults:5 | Received a gift from Okawaru
 45742 | Vaults:4 | Killed a golden dragon
 45888 | Vaults:5 | Noticed a golden dragon
 45896 | Vaults:4 | Killed an ancient lich
 46339 | Vaults:5 | Reached XP level 22. HP: 193/211 MP: 23/23
 46349 | Vaults:4 | Killed a golden dragon
 46853 | Vaults:4 | Received a gift from Okawaru
 46870 | Vaults:4 | Killed a golden dragon
 47662 | Vaults:5 | Reached skill level 27 in Shields
 48118 | Vaults:5 | Found Oqamp's Book Shop.
 48185 | Vaults:5 | Paralysed by a sphinx for 4 turns
 48293 | Vaults:5 | Noticed an ancient lich
 48301 | Vaults:5 | Killed an ancient lich
 48301 | Vaults:5 | Received a gift from Okawaru
 48498 | Vaults:5 | Identified Sif Muna's Catalogue of Transformation and the
                  | Birds
 48615 | Vaults:5 | Got a silver rune of Zot
 48683 | Vaults:5 | Got a vibrating turquoise ring
 48695 | Vaults:5 | Identified the cursed ring "Wyatic" {rPois rN+ Int-2
                  | Stlth+} (You found it on level 5 of the Vaults)
 48765 | Vaults:5 | Identified the Grimoire of the Displaced Rocks
 48792 | Vaults:5 | Found Pofiff's Book Shoppe.
 49054 | Vaults:5 | Identified the +5 hand axe of Tender Mercy {antimagic,
                  | *Contam rC++ Dex+5}
 49057 | Vaults:5 | Identified the +8 fustibalus of Yklusuq {freeze, Dex+3}
 49123 | Vaults:4 | Cast into level 3 of the Abyss (orc warlord)
 49309 | Vaults:4 | Escaped the Abyss
 50689 | Slime:1  | Entered Level 1 of the Pits of Slime
 50980 | Slime:2  | Reached XP level 23. HP: 186/223 MP: 10/24
 51163 | Slime:3  | Paralysed by a great orb of eyes for 6 turns
 51172 | Slime:3  | Received a gift from Okawaru
 51174 | Slime:3  | HP: 9/224 [azure jelly[a glowing orange brain] (5)]
 51174 | Slime:3  | HP: 4/224 [azure jelly[a glowing orange brain] (5)]
 51174 | Slime:3  | Slain by an azure jelly

Levels and vault maps discovered:
D:1:      dpeg_arrival_ratfight, layout_basic
D:2:      layout_basic, uniq_jessica
D:3:      layout_loops_ring, chequers_serial_rivers_micro_d,
          nemelex_diamond_rough_becter, uniq_crazy_yiuf_cottage
D:4:      layout_cave_pools, gammafunk_temple_overflow_elements, first_ration,
          minmay_lizard_king
D:5:      layout_loops_cross, gammafunk_temple_of_torment,
          minmay_temple_entry_poolview, serial_rivers,
          chequers_serial_rivers_marsh, chequers_serial_rivers_micro_a,
          chequers_serial_rivers_marsh, chequers_serial_rivers_micro_c,
          chequers_serial_rivers_micro_e
D:6:      minmay_flawed_box, layout_loops_corners
D:7:      layout_cave_pods, serial_shops, nicolae_shop_stone, basic_altar,
          minmay_joined_circles
D:8:      minmay_tri_box, layout_gridville, vehumet_altar_wand_db,
          bloody_makhleb, david_lair_generic
D:9:      layout_long_grid
D:10:     layout_irregular_city, gammafunk_ghost_berserking_beasts,
          hangedman_fish_farm, grunt_gozag_breadcrumbs, uniq_grum
D:11:     layout_stronghold, enter_trove_1, serial_ice, serial_ice_k,
          serial_ice_h, serial_ice_f, serial_ice_m, serial_ice_o, serial_ice_n,
          serial_ice_e, serial_ice_a, portal_ice_cave_entry_ice_beasts,
          minmay_the_grid_square_5x5_3x3_mashed
          [minmay_the_grid_square_5x5_seven, minmay_the_grid_square_5x5_two,
          minmay_the_grid_square_5x5_mess,
          minmay_the_grid_square_5x5_beaten_path,
          minmay_the_grid_square_5x5_megaprize_checkered,
          minmay_the_grid_square_5x5_meh, minmay_the_grid_square_5x5_n_small,
          minmay_the_grid_square_5x5_inner_v,
          minmay_the_grid_square_5x5_doubleslash]
D:12:     layout_loops_corners, kennysheep_orc_monster_closet_entryway,
          uniq_sonja
D:13:     layout_grid_maze, erik_vaults_1, basic_altar
D:14:     layout_irregular_city, chequers_serial_rivers_micro_a,
          einodemon_armed_red_devil_minivault
D:15:     grunt_enter_depths_hoard, layout_loops_ring, serial_shops,
          bzr_entry_road, hangedman_decor_points, hangedman_weighted_door,
          minmay_fractal_squares_gapless_5
Temple:   lightli_temple_of_artemis
Lair:1:   layout_cave_pods, infiniplex_staircase_pool, uniq_harold
Lair:2:   layout_roguey, minmay_snake_entry_spellcaster, beast_lair_carwin_11
Lair:3:   layout_gridlike, minmay_shoals_entry_centaurs, lemuel_fruit_tree,
          grunt_megastairs_4
Lair:4:   layout_regular_city, nicolae_volcano_entry_lava_flow, minivault_26,
          serial_bayou_shore_b
Lair:5:   layout_loops_ring, kennysheep_rathole, grunt_megastairs_1
Lair:6:   due_jungle_book, layout_long_grid, dpeg_slime_entry_enclosed_altar
Shoals:1: layout_shoals, uniq_kirke
Shoals:2: layout_shoals
Shoals:3: layout_shoals, serial_shops, shop_coins
Shoals:4: shoals_end_grunt_ice, layout_shoals
Snake:1:  layout_rooms, serial_bayou, serial_bayou_lagoon_a,
          serial_bayou_shore_b, serial_bayou_crossing, serial_bayou_pond_e,
          st_stairs_10
Snake:2:  layout_basic, gammafunk_ghost_necromancy, serial_bayou_shore_a
Snake:3:  layout_layer_cave, basic_altar, grunt_ministairs_15,
          statue_in_the_mist_lemuel, uniq_vashnia, uniq_nikola, uniq_aizul
Snake:4:  snake_pit, layout_gridlike, serial_shops, shop, basic_altar,
          uniq_saint_roka
Slime:1:  cheibrodos_slime_lost_civilization_2, layout_caves
Slime:2:  layout_caves
Slime:3:  layout_caves
Orc:1:    layout_caves
Orc:2:    kennysheep_orc_mage_school, layout_caves, sword_in_stone
Vaults:1: nicolae_vaults_big_angled_halls, ontoclasm_vaults_gallery,
          vaults_mumra_chevron_long, nicolae_vaults_little_ls,
          vaults_room_grunt_arrival_ludios, nicolae_vaults_network_s,
          vaults_room_grunt_arrival_checkpoint, dpeg_vaults_monster_box,
          vaults_room_fours, vaults_mumra_hex, layout_vaults_omnigrid,
          serial_shops, shop
Vaults:2: vaults_room_fours, nicolae_vaults_little_squares_3, v_misc_19,
          v_misc_26, hangedman_vaults_pinch, ontoclasm_vaults_claustrophobia,
          v_misc_32, grunt_vaults_focal, vaults_dpeg_ring,
          grunt_vaults_trifunnel, ontoclasm_vaults_twist,
          vaults_room_large_hall, hangedman_vaults_impose,
          nicolae_vaults_ring_of_whatevers, vaults_room_pool,
          layout_vaults_maze, uniq_sojobo
Vaults:3: hangedman_vaults_corner_blocks, st_star, v_rooms_3,
          vaults_dpeg_diagonal, v_misc_27, minmay_crypt_entry_nasty_monster,
          vaults_room_door_hall, layout_vaults_chaotic_city, serial_shops,
          shop_fountains, uniq_asterion
Vaults:4: vaults_dpeg_encased_lava, v_pattern_4,
          nicolae_vaults_little_squares_1, vaults_room_semicircle,
          vaults_room_ringed_pool, vaults_mumra_hexcomb, ontoclasm_vaults_fault,
          nicolae_vaults_yaktaur_gun_rack, hangedman_vaults_corner, v_misc_9,
          ontoclasm_vaults_bender, v_misc_26, layout_vaults_omnibox
Vaults:5: serial_shops

Skill      XL: |  1  2  3  4  5  6  7  8  9 10 11 12 13 14 15 16 17 18 19 20 21 22 |
---------------+-------------------------------------------------------------------+-----
Fighting       | 4 5 6 7 9 10 11 12 13 14 16 17 19 20 22 | 22.3
Shields        | 4 5 6 7 8 10 11 13 15 17 18 20 21 23 24 25 26 27 | 27.0
Armour         | 4 5 6 7 8 9 11 12 13 14 15 16 17 18 19 | 19.4
Long Blades    | 3 4 5 6 9 11 12 14 15 16 17 18 19 20 21 22 | 22.5
Dodging        | 1 2 3 4 5 6 7 |  7.3
Stealth        | 1 2 3 |  3.3
Invocations    | 1 2 3 |  3.0
Evocations     | 1 |  1.2

Action                   |  1- 3 |  4- 6 |  7- 9 | 10-12 | 13-15 | 16-18 | 19-21 | 22-24 || total
-------------------------+-------+-------+-------+-------+-------+-------+-------+-------++-------
Melee: Long sword        |    60 |   180 |   136 |       |       |       |       |       ||   376
       Headbutt          |    12 |    18 |    72 |   165 |   458 |   297 |   241 |   136 ||  1399
       Demon blade       |       |       |   160 |   118 |   607 |    41 |       |       ||   926
       Falchion          |       |       |     5 |   567 |   665 |       |       |       ||  1237
       Double sword      |       |       |       |       |   159 |   897 |   723 |   333 ||  2112
Invok: Heroism           |       |       |     1 |     3 |     3 |     7 |     3 |     1 ||    18
       Finesse           |       |       |       |       |     1 |       |       |       ||     1
Evoke: Wand              |       |       |       |     1 |     1 |     4 |     6 |       ||    12
  Use: Potion            |       |     4 |     1 |     1 |     1 |       |     6 |     1 ||    14
       Scroll            |       |     4 |     1 |    15 |    16 |     6 |     7 |     5 ||    54
 Stab: Confused          |       |       |       |       |     2 |       |       |       ||     2
  Eat: Chunk             |       |     7 |    10 |    14 |    24 |    21 |    24 |    12 ||   112
       Ration            |       |       |     1 |     1 |     5 |     6 |     1 |     1 ||    15
Armor: Scale mail        |    33 |     8 |       |       |       |       |       |       ||    41
       Chain mail        |       |   114 |   112 |    18 |   373 |       |       |       ||   617
       Plate armour      |       |       |    49 |   296 |    76 |   291 |   218 |   147 ||  1077
Dodge: Dodged            |    16 |    51 |    58 |   126 |   337 |   229 |   207 |   122 ||  1146
Block: Shield            |    40 |   115 |   168 |   531 |  1366 |  1110 |   770 |   446 ||  4546
       Reflection        |       |       |       |    11 |    60 |   129 |   101 |    50 ||   351
       Other             |       |       |       |       |       |     1 |     1 |       ||     2
       Rpst.: Long sword |     5 |     9 |    13 |       |       |       |       |       ||    27
       Demon blade       |       |       |     5 |     4 |    26 |       |       |       ||    35
       Falchion          |       |       |       |    23 |    21 |       |       |       ||    44
       Double sword      |       |       |       |       |     5 |    29 |    37 |    20 ||    91
